Sabres vs RedWings

Created - Wednesday, December 24, 2014 at 00:19

Goals
1 2 3 T
Sabres 2 0 2 4
RedWings 1 1 0 2
Shots
1 2 3 T
Sabres 18 8 10 36
RedWings 5 7 16 28

1st period

1. Sabres , Jay Bouwmeester 5 (Steven Stamkos, Sidney Crosby) at 11:27 (PP)
2. Sabres , Steve Downie 1 (Alec Martinez, Will Acton) at 13:36
3. RedWings , Alex Goligoski 6 (Brandon Prust, Travis Moen) at 19:25 (PP)

Penalties :
Eric Gryba (Det) for Slashing (Minor) at 9:11, Zac Rinaldo (Det) for Hooking (Minor) at 11:23, David Perron (Buf) for Hooking (Minor) at 19:04

2nd period

4. RedWings , Zac Rinaldo 2 (Alexei Emelin, Bryan Bickell) at 18:47

Penalties :
Steven Stamkos (Buf) for Hooking (Minor) at 2:25, Alex Goligoski (Det) for Interference (Minor) at 10:52, Brooks Orpik (Buf) for Holding (Minor) at 14:30

3rd period

5. Sabres , Sidney Crosby 24 (Jay Bouwmeester) at 18:22 (PP)
6. Sabres , Henrik Zetterberg 24 (Alex Pietrangelo, Brooks Orpik) at 19:23

Penalties :
Brandon Prust (Det) for Hooking (Minor) at 5:29, Alexei Emelin (Det) for Goalie Interference (Minor) at 11:22, Jason Demers (Det) for Hooking (Minor) at 17:58

Goalie Stats

Josh Harding (Buf), 26 saves from 28 shots - (0.929), W, 13-6-2, 60:00 minutes
Jonas Hiller (Det), 32 saves from 36 shots - (0.889), L, 10-14-2, 60:00 minutes

Players Stats for Sabres

Player Name              G  A  P  +/- PIM S  H  SB GA TA FO     MP     PP MP  PK MP  
------------------------------------------------------------------------------------
Alec Martinez            0  1  1   0  0   0  0  1  1  0  0/0    16:48   4:07   0:22 
Alex Pietrangelo         0  1  1   1  0   2  1  0  1  1  0/0    25:30   4:17   2:29 
Blake Wheeler            0  0  0   0  0   7  3  1  1  1  0/0    18:43   3:22   0:00 
Brooks Orpik             0  1  1   1  2   2  2  0  0  2  0/0    22:45   4:07   1:23 
Chris Higgins            0  0  0   1  0   0  1  0  3  0  0/0     9:58   0:00   0:00 
David Perron             0  0  0   0  2   3  1  0  1  0  1/3    19:10   5:02   0:00 
Dwight King              0  0  0   1  0   0  1  0  0  0  0/1     9:58   0:00   0:00 
Gustav Nyquist           0  0  0   0  0   2  1  0  1  1  0/1    17:16   3:22   0:00 
Henrik Zetterberg        1  0  1   1  0   4  0  0  7  0  3/3    19:55   3:22   2:02 
Jay Bouwmeester          1  1  2   0  0   4  2  0  3  1  0/0    24:39   4:17   1:50 
Marc-Andre Cliche        0  0  0   0  0   0  0  0  0  1  0/0    11:20   0:00   2:17 
Matt Bartkowski          0  0  0   0  0   0  2  1  0  1  0/0    11:29   0:00   0:00 
Matt Stajan              0  0  0   0  0   1  0  0  0  1  4/7    12:06   0:00   2:17 
Sidney Crosby            1  1  2   0  0   5  0  1  6  1  11/18  19:11   5:02   0:00 
Stephane Robidas         0  0  0   0  0   1  3  1  0  2  0/0    19:01   0:00   2:34 
Steve Downie             1  0  1   0  0   2  1  0  1  0  0/0     8:48   0:00   0:00 
Steven Stamkos           0  1  1   0  2   3  1  1  1  0  8/12   17:58   5:02   0:00 
Will Acton               0  1  1   0  0   0  0  0  0  1  4/9    11:03   0:00   2:02 

Players Stats for RedWings

Player Name              G  A  P  +/- PIM S  H  SB GA TA FO     MP     PP MP  PK MP  
------------------------------------------------------------------------------------
Alex Goligoski           1  0  1  -1  2   2  1  2  1  3  0/0    27:26   3:52   5:09 
Alexei Emelin            0  1  1   0  2   0  2  0  0  4  0/0    19:21   0:27   3:11 
Brandon Prust            0  1  1   0  2   1  3  0  4  0  6/13   17:58   1:56   0:33 
Bryan Bickell            0  1  1   0  0   4  0  0  3  0  0/0    14:45   0:22   0:00 
Chris VandeVelde         0  0  0   0  0   0  1  0  0  1  2/5     6:45   0:00   0:00 
David Moss               0  0  0  -1  0   1  2  1  0  0  0/0    15:40   2:01   1:24 
Douglas Murray           0  0  0   0  0   4  1  1  0  0  0/0    19:53   0:27   3:15 
Eric Gryba               0  0  0   0  2   1  2  1  0  1  0/0    13:16   0:00   0:04 
Jannik Hansen            0  0  0   0  0   0  0  0  2  1  0/0    18:46   2:18   1:24 
Jason Demers             0  0  0   0  2   1  0  0  2  0  0/0    12:40   0:00   0:00 
Jesse Joensuu            0  0  0   0  0   0  0  0  1  0  0/0     8:09   0:00   0:36 
Johnny Boychuk           0  0  0  -1  0   2  2  2  0  4  0/0    23:29   3:52   5:09 
Justin Abdelkader        0  0  0  -1  0   3  1  1  3  2  5/13   19:47   2:01   5:51 
Milan Michalek           0  0  0  -1  0   3  0  0  0  0  5/12   22:54   2:01   4:53 
Nick Leddy               0  0  0   0  0   0  0  1  0  0  0/0     3:57   0:00   0:00 
Travis Moen              0  1  1   0  0   2  2  0  1  0  0/2    16:57   2:18   0:00 
Zac Rinaldo              1  0  1   0  2   3  1  0  2  1  0/1    15:39   0:00   2:07 
Zenon Konopka            0  0  0   0  0   1  0  0  1  1  5/8    14:08   0:00   0:00 

3 Stars

1 - Jay Bouwmeester (Buf)
2 - Sidney Crosby (Buf)
3 - Henrik Zetterberg (Buf)

Power Play

Sabres - 2 on 6 Attempt(s) - 33.33%
RedWings - 1 on 3 Attempt(s) - 33.33%

Penalty Kill

Sabres - 2 on 3 Attempt(s) - 66.67% - Score 0 goal in Penalty Kill
RedWings - 4 on 6 Attempt(s) - 66.67% - Score 0 goal in Penalty Kill

Official

Referees : Unknown
Linesman : Unknown

Game Notes

No Game Note

Finance

Level 1 -- Attendance: 4598 (76.63%) -- Ticket Income $413,820
Level 2 -- Attendance: 3630 (72.60%) -- Ticket Income $210,540
Level 3 -- Attendance: 1824 (91.20%) -- Ticket Income $54,720
Level 4 -- Attendance: 3901 (97.53%) -- Ticket Income $74,119
Luxury Box -- Attendance: 882 (88.20%) -- Ticket Income $158,760
Game was played at the Joe Louis Arena
Total Attendance: 14835 (82.42%)
Total Ticket Income: $911,959
Other Income: $446,860
Total Income: $1,358,819

Sabres

5 vs 5 Forward 
   Center                   Left Wing                Right Wing               Time % Phy DF OF 
 1 Sidney Crosby            David Perron             Blake Wheeler            40     0   1  4  
 2 Steven Stamkos           Henrik Zetterberg        Gustav Nyquist           37     0   1  4  
 3 Matt Stajan              Dwight King              Chris Higgins            13     1   2  2  
 4 Will Acton               Steve Downie             Marc-Andre Cliche        10     2   2  1  

5 vs 5 Defense 
   Defense                  Defense                                           Time % Phy DF OF 
 1 Brooks Orpik             Alex Pietrangelo                                  37     1   3  1  
 2 Jay Bouwmeester          Stephane Robidas                                  36     1   2  2  
 3 Alec Martinez            Matt Bartkowski                                   17     1   4  0  
 4 Jay Bouwmeester          Alex Pietrangelo                                  10     1   1  3  

PowerPlay Forward 
   Center                   Left Wing                Right Wing               Time % Phy DF OF 
 1 Sidney Crosby            David Perron             Steven Stamkos           55     0   0  5  
 2 Henrik Zetterberg        Gustav Nyquist           Blake Wheeler            45     0   0  5  

PowerPlay Defense
   Defense                  Defense                                           Time % Phy DF OF 
 1 Jay Bouwmeester          Alex Pietrangelo                                  55     0   2  3  
 2 Alec Martinez            Brooks Orpik                                      45     0   2  3  

Penalty Kill 4 Players Forward 
   Center                   Wing                     Time % Phy DF OF 
 1 Matt Stajan              Marc-Andre Cliche        50     1   4  0  
 2 Will Acton               Henrik Zetterberg        50     2   3  0  

Penalty Kill 4 Players Defense
   Defense                  Defense                  Time % Phy DF OF 
 1 Brooks Orpik             Alex Pietrangelo         50     1   4  0  
 2 Stephane Robidas         Jay Bouwmeester          50     1   4  0  

Penalty Kill - 3 Players Forward 
   Forward                                           Time % Phy DF OF 
 1 Matt Stajan                                       50     1   2  2  
 2 Will Acton                                        50     1   2  2  

Penalty Kill - 3 Players Defense
   Defense                  Defense                  Time % Phy DF OF 
 1 Brooks Orpik             Alex Pietrangelo         50     1   4  0  
 2 Stephane Robidas         Jay Bouwmeester          50     1   4  0  

4 vs 4 Forward 
   Center                   Wing                     Time % Phy DF OF 
 1 Sidney Crosby            Blake Wheeler            50     0   1  4  
 2 Steven Stamkos           Henrik Zetterberg        50     1   1  3  

4 vs 4 Defense
   Defense                  Defense                  Time % Phy DF OF 
 1 Jay Bouwmeester          Alex Pietrangelo         50     1   2  2  
 2 Alec Martinez            Brooks Orpik             50     1   2  2  

Last Minutes Offensive
   Center                   Left Wing                Right Wing               Defense                  Defense                  
   Sidney Crosby            Henrik Zetterberg        Steven Stamkos           Jay Bouwmeester          Alex Pietrangelo         

Last Minutes Defensive
   Center                   Left Wing                Right Wing               Defense                  Defense                  
   Henrik Zetterberg        Dwight King              Chris Higgins            Brooks Orpik             Alex Pietrangelo         

Goaltenders
Starting : Josh Harding             
Backup : Evgeni Nabokov           

Extra Forwards
Normal : Steven Stamkos, Henrik Zetterberg, Gustav Nyquist - PP : David Perron, Steven Stamkos - PK : Marc-Andre Cliche
Extra Defensemen
Normal : Alex Pietrangelo, Stephane Robidas, Brooks Orpik - PP : Stephane Robidas - PK : Stephane Robidas, Brooks Orpik
Penalty Shots
Steven Stamkos, Sidney Crosby, Blake Wheeler, David Perron, Henrik Zetterberg

RedWings

5 vs 5 Forward 
   Center                   Left Wing                Right Wing               Time % Phy DF OF 
 1 Justin Abdelkader        Milan Michalek           David Moss               35     1   2  2  
 2 Brandon Prust            Jannik Hansen            Travis Moen              30     1   2  2  
 3 Zenon Konopka            Bryan Bickell            Zac Rinaldo              22     1   2  2  
 4 Chris VandeVelde         Jesse Joensuu            Milan Michalek           13     1   2  2  

5 vs 5 Defense 
   Defense                  Defense                                           Time % Phy DF OF 
 1 Alex Goligoski           Johnny Boychuk                                    35     1   2  2  
 2 Alexei Emelin            Douglas Murray                                    30     1   2  2  
 3 Jason Demers             Eric Gryba                                        22     1   2  2  
 4 Nick Leddy               Alex Goligoski                                    13     1   2  2  

PowerPlay Forward 
   Center                   Left Wing                Right Wing               Time % Phy DF OF 
 1 Justin Abdelkader        Milan Michalek           David Moss               60     1   2  2  
 2 Brandon Prust            Jannik Hansen            Travis Moen              40     1   2  2  

PowerPlay Defense
   Defense                  Defense                                           Time % Phy DF OF 
 1 Alex Goligoski           Johnny Boychuk                                    60     1   2  2  
 2 Alexei Emelin            Douglas Murray                                    40     1   2  2  

Penalty Kill 4 Players Forward 
   Center                   Wing                     Time % Phy DF OF 
 1 Milan Michalek           Justin Abdelkader        60     1   2  2  
 2 David Moss               Jannik Hansen            40     1   2  2  

Penalty Kill 4 Players Defense
   Defense                  Defense                  Time % Phy DF OF 
 1 Alex Goligoski           Johnny Boychuk           60     1   2  2  
 2 Alexei Emelin            Douglas Murray           40     1   2  2  

Penalty Kill - 3 Players Forward 
   Forward                                           Time % Phy DF OF 
 1 Milan Michalek                                    60     1   2  2  
 2 Justin Abdelkader                                 40     1   2  2  

Penalty Kill - 3 Players Defense
   Defense                  Defense                  Time % Phy DF OF 
 1 Alex Goligoski           Johnny Boychuk           60     1   2  2  
 2 Alexei Emelin            Douglas Murray           40     1   2  2  

4 vs 4 Forward 
   Center                   Wing                     Time % Phy DF OF 
 1 Milan Michalek           Justin Abdelkader        60     1   2  2  
 2 David Moss               Jannik Hansen            40     1   2  2  

4 vs 4 Defense
   Defense                  Defense                  Time % Phy DF OF 
 1 Alex Goligoski           Johnny Boychuk           60     1   2  2  
 2 Alexei Emelin            Douglas Murray           40     1   2  2  

Last Minutes Offensive
   Center                   Left Wing                Right Wing               Defense                  Defense                  
   Justin Abdelkader        Milan Michalek           David Moss               Alex Goligoski           Johnny Boychuk           

Last Minutes Defensive
   Center                   Left Wing                Right Wing               Defense                  Defense                  
   Justin Abdelkader        Milan Michalek           David Moss               Alex Goligoski           Johnny Boychuk           

Goaltenders
Starting : Jonas Hiller             
Backup : Martin Jones             

Extra Forwards
Normal : Bryan Bickell, Zenon Konopka, Zac Rinaldo - PP : Bryan Bickell, Zenon Konopka - PK : Zac Rinaldo
Extra Defensemen
Normal : Jason Demers, Eric Gryba, Nick Leddy - PP : Jason Demers - PK : Eric Gryba, Nick Leddy
Penalty Shots
Milan Michalek, Justin Abdelkader, David Moss, Jannik Hansen, Travis Moen

% Time on Ice - Sabres

Lines # - Real PCT - Wanted PCT - Time Play
Normal Forward
1 - 31% - 40% - 14:24
2 - 30% - 37% - 14:07
3 - 20% - 13% - 9:34
4 - 19% - 10% - 8:48
Normal Defense
1 - 35% - 37% - 16:28
2 - 36% - 36% - 17:04
3 - 24% - 17% - 11:29
4 - 4% - 10% - 1:52
PP Forward
1 - 60% - 55% - 5:02
2 - 40% - 45% - 3:22
PP Defense
1 - 51% - 55% - 4:17
2 - 49% - 45% - 4:07
PK Forward
1 - 53% - 50% - 2:17
2 - 47% - 50% - 2:02
PK Defense
1 - 58% - 50% - 2:29
2 - 42% - 50% - 1:50
PK3 Forward
1 - 0% - 50%
2 - 0% - 50%
PK3 Defense
1 - 0% - 50%
2 - 0% - 50%
44 Forward
1 - 0% - 50%
2 - 0% - 50%
44 Defense
1 - 0% - 50%
2 - 0% - 50%
Last Minute Offensive  - 0:00
Last Minute Defensive  - 0:24
Total
Forward - 60:00
Defense - 60:00

% Time on Ice - RedWings

Lines # - Real PCT - Wanted PCT - Time Play
Normal Forward
1 - 25% - 35% - 11:32
2 - 32% - 30% - 15:04
3 - 29% - 22% - 13:32
4 - 14% - 13% - 6:45
Normal Defense
1 - 30% - 35% - 14:04
2 - 35% - 30% - 16:11
3 - 27% - 22% - 12:41
4 - 8% - 13% - 3:57
PP Forward
1 - 47% - 60% - 2:01
2 - 53% - 40% - 2:18
PP Defense
1 - 90% - 60% - 3:52
2 - 10% - 40% - 0:27
PK Forward
1 - 83% - 60% - 7:00
2 - 17% - 40% - 1:24
PK Defense
1 - 61% - 60% - 5:09
2 - 39% - 40% - 3:15
PK3 Forward
1 - 0% - 60%
2 - 0% - 40%
PK3 Defense
1 - 0% - 60%
2 - 0% - 40%
44 Forward
1 - 0% - 60%
2 - 0% - 40%
44 Defense
1 - 0% - 60%
2 - 0% - 40%
Last Minute Offensive  - 0:24
Last Minute Defensive  - 0:00
Total
Forward - 60:00
Defense - 60:00

Play by Play

1st period


0:01 of 1st period - Justin Abdelkader wins face-off versus Sidney Crosby in neutral zone.
0:15 of 1st period - Off-side.
0:16 of 1st period - Sidney Crosby wins face-off versus Justin Abdelkader in neutral zone.
0:19 of 1st period - Wrist shot by David Perron.
0:19 of 1st period - Shot Misses the Net.
1:29 of 1st period - Wrist shot by Steven Stamkos.
1:29 of 1st period - Stopped by Jonas Hiller with a rebound.
1:55 of 1st period - Slapshot by Matt Stajan.
1:55 of 1st period - Shot Misses the Net.
1:57 of 1st period - Slapshot by Alec Martinez.
1:57 of 1st period - Shot Blocked by Johnny Boychuk.
1:59 of 1st period - Slapshot by Dwight King.
1:59 of 1st period - Shot Misses the Net.
2:23 of 1st period - Alexei Emelin is hit by Matt Bartkowski and loses puck.
3:04 of 1st period - Snap shot by Milan Michalek.
3:04 of 1st period - Shot Misses the Net.
4:11 of 1st period - Wrist shot by Henrik Zetterberg.
4:11 of 1st period - Stopped by Jonas Hiller without a rebound.
4:12 of 1st period - Zenon Konopka wins face-off versus Dwight King in RedWings zone.
4:25 of 1st period - Wrist shot by Zac Rinaldo.
4:25 of 1st period - Stopped by Josh Harding with a rebound.
4:27 of 1st period - Wrist shot by Zac Rinaldo.
4:27 of 1st period - Stopped by Josh Harding without a rebound.
4:28 of 1st period - Brandon Prust wins face-off versus Matt Stajan in Sabres zone.
4:29 of 1st period - Slapshot by Alex Goligoski.
4:29 of 1st period - Stopped by Josh Harding with a rebound.
5:01 of 1st period - Snap shot by Milan Michalek.
5:01 of 1st period - Shot Misses the Net.
5:37 of 1st period - Douglas Murray is hit by Brooks Orpik and loses puck.
6:14 of 1st period - Alex Pietrangelo is hit by Travis Moen and loses puck.
7:17 of 1st period - Will Acton is hit by Eric Gryba and loses puck.
7:39 of 1st period - Wrist shot by Henrik Zetterberg.
7:39 of 1st period - Deflect By Alex Goligoski.
7:39 of 1st period - Stopped by Jonas Hiller with a rebound.
8:01 of 1st period - Snap shot by David Perron.
8:01 of 1st period - Stopped by Jonas Hiller without a rebound.
8:02 of 1st period - Milan Michalek wins face-off versus Sidney Crosby in RedWings zone.
8:02 of 1st period - Milan Michalek is hit by Jay Bouwmeester.
8:38 of 1st period - Brandon Prust is hit by Stephane Robidas and loses puck.
8:55 of 1st period - Travis Moen is hit by Brooks Orpik and loses puck.
9:11 of 1st period - Minor Penalty to Eric Gryba for Slashing.
9:12 of 1st period - Milan Michalek wins face-off versus Sidney Crosby in RedWings zone.
9:57 of 1st period - Icing by Alec Martinez.
9:58 of 1st period - Henrik Zetterberg wins face-off versus Zac Rinaldo in Sabres zone.
11:11 of 1st period - Penalty to Eric Gryba is over, Eric Gryba is back on ice.
11:23 of 1st period - Minor Penalty to Zac Rinaldo for Hooking.
11:24 of 1st period - Sidney Crosby wins face-off versus Milan Michalek in RedWings zone.
11:25 of 1st period - Wrist shot by Steven Stamkos.
11:25 of 1st period - Stopped by Jonas Hiller with a rebound.
11:27 of 1st period - Slapshot by Jay Bouwmeester.
11:27 of 1st period - Goal by Jay Bouwmeester - Sabres : 1 - RedWings : 0.
11:28 of 1st period - Sidney Crosby wins face-off versus Zenon Konopka in neutral zone.
11:41 of 1st period - Wrist shot by Sidney Crosby.
11:41 of 1st period - Stopped by Jonas Hiller with a rebound.
11:49 of 1st period - Snap shot by Sidney Crosby.
11:49 of 1st period - Shot Blocked by Douglas Murray.
11:51 of 1st period - Slapshot by Jay Bouwmeester.
11:51 of 1st period - Deflect By Sidney Crosby.
11:51 of 1st period - Shot Misses the Net.
11:51 of 1st period - Puck is out of play.
11:52 of 1st period - Brandon Prust wins face-off versus Gustav Nyquist in RedWings zone.
11:52 of 1st period - Brandon Prust is hit by Gustav Nyquist.
13:02 of 1st period - Snap shot by Blake Wheeler.
13:02 of 1st period - Stopped by Jonas Hiller with a rebound.
13:04 of 1st period - Wrist shot by David Perron.
13:04 of 1st period - Stopped by Jonas Hiller without a rebound.
13:05 of 1st period - Zenon Konopka wins face-off versus Will Acton in RedWings zone.
13:36 of 1st period - Snap shot by Steve Downie.
13:36 of 1st period - Goal by Steve Downie - Sabres : 2 - RedWings : 0.
13:37 of 1st period - Justin Abdelkader wins face-off versus Sidney Crosby in neutral zone.
14:14 of 1st period - Slapshot by Blake Wheeler.
14:14 of 1st period - Stopped by Jonas Hiller without a rebound.
14:15 of 1st period - Steven Stamkos wins face-off versus Brandon Prust in RedWings zone.
15:10 of 1st period - Wrist shot by Bryan Bickell.
15:10 of 1st period - Deflect By Zac Rinaldo.
15:10 of 1st period - Shot Misses the Net.
15:10 of 1st period - Puck is out of play.
15:11 of 1st period - Zenon Konopka wins face-off versus Will Acton in Sabres zone.
15:14 of 1st period - Snap shot by Bryan Bickell.
15:14 of 1st period - Stopped by Josh Harding with a rebound.
16:57 of 1st period - Slapshot by Alex Goligoski.
16:57 of 1st period - Shot Misses the Net.
16:59 of 1st period - Slapshot by Johnny Boychuk.
16:59 of 1st period - Shot Blocked by Steven Stamkos.
18:30 of 1st period - Jay Bouwmeester is hit by Travis Moen and loses puck.
19:04 of 1st period - Minor Penalty to David Perron for Hooking.
19:05 of 1st period - Will Acton wins face-off versus Brandon Prust in Sabres zone.
19:25 of 1st period - Snap shot by Alex Goligoski.
19:25 of 1st period - Deflect By Alex Pietrangelo.
19:25 of 1st period - Goal by Alex Goligoski - Sabres : 2 - RedWings : 1.
19:26 of 1st period - David Perron wins face-off versus Zenon Konopka in neutral zone.
19:37 of 1st period - Wrist shot by Blake Wheeler.
19:37 of 1st period - Stopped by Jonas Hiller with a rebound.
19:39 of 1st period - Slapshot by Jay Bouwmeester.
19:39 of 1st period - Stopped by Jonas Hiller with a rebound.
19:41 of 1st period - Wrist shot by Blake Wheeler.
19:41 of 1st period - Stopped by Jonas Hiller with a rebound.
19:43 of 1st period - Slapshot by Sidney Crosby.
19:43 of 1st period - Deflect By Blake Wheeler.
19:43 of 1st period - Stopped by Jonas Hiller with a rebound.
19:45 of 1st period - Slapshot by Jay Bouwmeester.
19:45 of 1st period - Stopped by Jonas Hiller with a rebound.
19:47 of 1st period - Slapshot by Jay Bouwmeester.
19:47 of 1st period - Stopped by Jonas Hiller with a rebound.
19:49 of 1st period - Slapshot by Alex Pietrangelo.
19:49 of 1st period - Stopped by Jonas Hiller without a rebound.
19:50 of 1st period - Steven Stamkos wins face-off versus Brandon Prust in RedWings zone.
19:57 of 1st period - Snap shot by Henrik Zetterberg.
19:57 of 1st period - Shot Hit the Post.
19:59 of 1st period - Snap shot by Henrik Zetterberg.
19:59 of 1st period - Shot Misses the Net.
Goals for this period are 2 for Sabres vs 1 for RedWings.
Shots for this period are 18 for Sabres vs 5 for RedWings.

2nd period


0:01 of 2nd period - Justin Abdelkader wins face-off versus Steven Stamkos in neutral zone.
0:24 of 2nd period - Snap shot by Justin Abdelkader.
0:24 of 2nd period - Shot Misses the Net.
0:26 of 2nd period - Wrist shot by Johnny Boychuk.
0:26 of 2nd period - Deflect By Henrik Zetterberg.
0:26 of 2nd period - Stopped by Josh Harding without a rebound.
0:27 of 2nd period - Brandon Prust wins face-off versus David Perron in Sabres zone.
1:21 of 2nd period - Matt Bartkowski is hit by Alexei Emelin and loses puck.
2:03 of 2nd period - Stephane Robidas is hit by David Moss and loses puck.
2:16 of 2nd period - Wrist shot by Milan Michalek.
2:16 of 2nd period - Deflect By Justin Abdelkader.
2:16 of 2nd period - Shot Blocked by Stephane Robidas.
2:16 of 2nd period - Puck is out of play.
2:17 of 2nd period - Milan Michalek wins face-off versus Steven Stamkos in Sabres zone.
2:25 of 2nd period - Minor Penalty to Steven Stamkos for Hooking.
2:26 of 2nd period - Will Acton wins face-off versus Justin Abdelkader in Sabres zone.
2:50 of 2nd period - Snap shot by Justin Abdelkader.
2:50 of 2nd period - Stopped by Josh Harding without a rebound.
2:51 of 2nd period - Matt Stajan wins face-off versus Travis Moen in Sabres zone.
3:06 of 2nd period - Wrist shot by Jannik Hansen.
3:06 of 2nd period - Shot Misses the Net.
3:08 of 2nd period - Wrist shot by Travis Moen.
3:08 of 2nd period - Stopped by Josh Harding without a rebound.
3:09 of 2nd period - Brandon Prust wins face-off versus Matt Stajan in Sabres zone.
3:26 of 2nd period - Alex Goligoski is hit by Alex Pietrangelo and loses puck.
3:51 of 2nd period - Will Acton is hit by Alex Goligoski and loses puck.
4:25 of 2nd period - Penalty to Steven Stamkos is over, Steven Stamkos is back on ice.
4:58 of 2nd period - Bryan Bickell is hit by Jay Bouwmeester and loses puck.
5:39 of 2nd period - Backhand shot by Henrik Zetterberg.
5:39 of 2nd period - Shot Misses the Net.
7:07 of 2nd period - Backhand shot by Sidney Crosby.
7:07 of 2nd period - Shot Misses the Net.
7:09 of 2nd period - Slapshot by Stephane Robidas.
7:09 of 2nd period - Shot Misses the Net.
7:39 of 2nd period - Alex Goligoski is hit by Stephane Robidas and loses puck.
8:49 of 2nd period - Marc-Andre Cliche is hit by Brandon Prust and loses puck.
9:06 of 2nd period - Jason Demers is hit by Steve Downie and loses puck.
9:32 of 2nd period - Slapshot by Justin Abdelkader.
9:32 of 2nd period - Stopped by Josh Harding without a rebound.
9:33 of 2nd period - Sidney Crosby wins face-off versus Justin Abdelkader in Sabres zone.
9:52 of 2nd period - Snap shot by Blake Wheeler.
9:52 of 2nd period - Stopped by Jonas Hiller with a rebound.
10:00 of 2nd period - David Perron is hit by Brandon Prust and loses puck.
10:21 of 2nd period - Wrist shot by Steven Stamkos.
10:21 of 2nd period - Stopped by Jonas Hiller with a rebound.
10:23 of 2nd period - Wrist shot by Henrik Zetterberg.
10:23 of 2nd period - Shot Misses the Net.
10:25 of 2nd period - Wrist shot by Brooks Orpik.
10:25 of 2nd period - Deflect By Nick Leddy.
10:25 of 2nd period - Stopped by Jonas Hiller with a rebound.
10:27 of 2nd period - Snap shot by Alex Pietrangelo.
10:27 of 2nd period - Shot Blocked by Alex Goligoski.
10:29 of 2nd period - Slapshot by Alex Pietrangelo.
10:29 of 2nd period - Shot Blocked by Nick Leddy.
10:31 of 2nd period - Slapshot by Brooks Orpik.
10:31 of 2nd period - Shot Blocked by Justin Abdelkader.
10:33 of 2nd period - Slapshot by Brooks Orpik.
10:33 of 2nd period - Shot Blocked by David Moss.
10:52 of 2nd period - Minor Penalty to Alex Goligoski for Interference.
10:53 of 2nd period - Sidney Crosby wins face-off versus Milan Michalek in RedWings zone.
11:22 of 2nd period - Douglas Murray is hit by Blake Wheeler and loses puck.
12:15 of 2nd period - Snap shot by Gustav Nyquist.
12:15 of 2nd period - Shot Misses the Net.
12:52 of 2nd period - Penalty to Alex Goligoski is over, Alex Goligoski is back on ice.
13:32 of 2nd period - Zenon Konopka is hit by Matt Bartkowski and loses puck.
13:57 of 2nd period - Wrist shot by Chris Higgins.
13:57 of 2nd period - Shot Misses the Net.
14:17 of 2nd period - Wrist shot by Milan Michalek.
14:17 of 2nd period - Shot Misses the Net.
14:19 of 2nd period - Slapshot by Johnny Boychuk.
14:19 of 2nd period - Shot Misses the Net.
14:30 of 2nd period - Minor Penalty to Brooks Orpik for Holding.
14:31 of 2nd period - Matt Stajan wins face-off versus Justin Abdelkader in Sabres zone.
14:49 of 2nd period - Snap shot by Justin Abdelkader.
14:49 of 2nd period - Shot Misses the Net.
14:59 of 2nd period - Marc-Andre Cliche is hit by David Moss and loses puck.
15:42 of 2nd period - Henrik Zetterberg is hit by Johnny Boychuk and loses puck.
16:06 of 2nd period - Marc-Andre Cliche is hit by Justin Abdelkader and loses puck.
16:23 of 2nd period - Alex Pietrangelo is hit by Brandon Prust and loses puck.
16:30 of 2nd period - Penalty to Brooks Orpik is over, Brooks Orpik is back on ice.
16:49 of 2nd period - Matt Bartkowski is hit by Douglas Murray and loses puck.
16:58 of 2nd period - Snap shot by Bryan Bickell.
16:58 of 2nd period - Shot Blocked by Matt Bartkowski.
17:16 of 2nd period - Wrist shot by Jason Demers.
17:16 of 2nd period - Shot Blocked by Blake Wheeler.
17:18 of 2nd period - Snap shot by Zenon Konopka.
17:18 of 2nd period - Stopped by Josh Harding without a rebound.
17:19 of 2nd period - Matt Stajan wins face-off versus Chris VandeVelde in Sabres zone.
17:32 of 2nd period - Slapshot by Alex Pietrangelo.
17:32 of 2nd period - Stopped by Jonas Hiller with a rebound.
17:44 of 2nd period - Eric Gryba is hit by Dwight King and loses puck.
17:55 of 2nd period - Wrist shot by Sidney Crosby.
17:55 of 2nd period - Deflect By Blake Wheeler.
17:55 of 2nd period - Shot Misses the Net.
17:55 of 2nd period - Puck is out of play.
17:56 of 2nd period - Sidney Crosby wins face-off versus Justin Abdelkader in RedWings zone.
17:57 of 2nd period - Wrist shot by David Perron.
17:57 of 2nd period - Stopped by Jonas Hiller without a rebound.
17:58 of 2nd period - Justin Abdelkader wins face-off versus Sidney Crosby in RedWings zone.
18:09 of 2nd period - Slapshot by Blake Wheeler.
18:09 of 2nd period - Stopped by Jonas Hiller with a rebound.
18:23 of 2nd period - Wrist shot by Sidney Crosby.
18:23 of 2nd period - Stopped by Jonas Hiller without a rebound.
18:24 of 2nd period - Will Acton wins face-off versus Zenon Konopka in RedWings zone.
18:31 of 2nd period - Wrist shot by Will Acton.
18:31 of 2nd period - Shot Misses the Net.
18:45 of 2nd period - Snap shot by Bryan Bickell.
18:45 of 2nd period - Stopped by Josh Harding with a rebound.
18:47 of 2nd period - Slapshot by Alexei Emelin.
18:47 of 2nd period - Deflect By Zac Rinaldo.
18:47 of 2nd period - Deflect By Alec Martinez.
18:47 of 2nd period - Goal by Zac Rinaldo - Sabres : 2 - RedWings : 2.
18:48 of 2nd period - Steven Stamkos wins face-off versus Brandon Prust in neutral zone.
19:41 of 2nd period - Johnny Boychuk is hit by Blake Wheeler and loses puck.
19:48 of 2nd period - Snap shot by Sidney Crosby.
19:48 of 2nd period - Stopped by Jonas Hiller with a rebound.
Goals for this period are 0 for Sabres vs 1 for RedWings.
Shots for this period are 8 for Sabres vs 7 for RedWings.

3rd period


0:01 of 3rd period - Sidney Crosby wins face-off versus Justin Abdelkader in neutral zone.
0:12 of 3rd period - Snap shot by Sidney Crosby.
0:12 of 3rd period - Shot Misses the Net.
1:34 of 3rd period - Brooks Orpik is hit by Alexei Emelin and loses puck.
3:13 of 3rd period - Snap shot by Milan Michalek.
3:13 of 3rd period - Stopped by Josh Harding without a rebound.
3:14 of 3rd period - Steven Stamkos wins face-off versus Justin Abdelkader in Sabres zone.
3:57 of 3rd period - David Perron is hit by Zac Rinaldo.
4:53 of 3rd period - Slapshot by Alex Goligoski.
4:53 of 3rd period - Shot Misses the Net.
4:55 of 3rd period - Wrist shot by Brandon Prust.
4:55 of 3rd period - Stopped by Josh Harding with a rebound.
5:10 of 3rd period - Icing by Johnny Boychuk.
5:11 of 3rd period - Brandon Prust wins face-off versus Matt Stajan in RedWings zone.
5:29 of 3rd period - Minor Penalty to Brandon Prust for Hooking.
5:30 of 3rd period - Sidney Crosby wins face-off versus Milan Michalek in RedWings zone.
6:04 of 3rd period - Wrist shot by Sidney Crosby.
6:04 of 3rd period - Shot Misses the Net.
6:14 of 3rd period - Snap shot by Justin Abdelkader.
6:14 of 3rd period - Shot Blocked by Sidney Crosby.
6:16 of 3rd period - Slapshot by Johnny Boychuk.
6:16 of 3rd period - Stopped by Josh Harding with a rebound.
6:18 of 3rd period - Slapshot by Johnny Boychuk.
6:18 of 3rd period - Shot Blocked by Alec Martinez.
6:20 of 3rd period - Snap shot by Justin Abdelkader.
6:20 of 3rd period - Shot Misses the Net.
6:22 of 3rd period - Slapshot by Douglas Murray.
6:22 of 3rd period - Deflect By Justin Abdelkader.
6:22 of 3rd period - Stopped by Josh Harding with a rebound.
6:24 of 3rd period - Snap shot by Douglas Murray.
6:24 of 3rd period - Stopped by Josh Harding without a rebound.
6:25 of 3rd period - Henrik Zetterberg wins face-off versus Milan Michalek in Sabres zone.
6:40 of 3rd period - Alexei Emelin is hit by Blake Wheeler.
7:14 of 3rd period - Snap shot by Sidney Crosby.
7:14 of 3rd period - Stopped by Jonas Hiller with a rebound.
7:29 of 3rd period - Penalty to Brandon Prust is over, Brandon Prust is back on ice.
7:48 of 3rd period - Wrist shot by David Moss.
7:48 of 3rd period - Stopped by Josh Harding with a rebound.
7:50 of 3rd period - Wrist shot by Eric Gryba.
7:50 of 3rd period - Stopped by Josh Harding with a rebound.
8:04 of 3rd period - Slapshot by Jay Bouwmeester.
8:04 of 3rd period - Shot Blocked by Eric Gryba.
8:16 of 3rd period - Snap shot by Bryan Bickell.
8:16 of 3rd period - Shot Misses the Net.
8:34 of 3rd period - Snap shot by Steve Downie.
8:34 of 3rd period - Stopped by Jonas Hiller with a rebound.
9:22 of 3rd period - Snap shot by Milan Michalek.
9:22 of 3rd period - Stopped by Josh Harding without a rebound.
9:23 of 3rd period - Chris VandeVelde wins face-off versus Steven Stamkos in Sabres zone.
9:31 of 3rd period - Slapshot by Douglas Murray.
9:31 of 3rd period - Deflect By Alex Pietrangelo.
9:31 of 3rd period - Stopped by Josh Harding without a rebound.
9:32 of 3rd period - Steven Stamkos wins face-off versus Milan Michalek in Sabres zone.
9:34 of 3rd period - Icing by Henrik Zetterberg.
9:35 of 3rd period - Steven Stamkos wins face-off versus Chris VandeVelde in Sabres zone.
9:44 of 3rd period - Snap shot by Milan Michalek.
9:44 of 3rd period - Stopped by Josh Harding without a rebound.
9:45 of 3rd period - Brandon Prust wins face-off versus David Perron in Sabres zone.
10:47 of 3rd period - Bryan Bickell is hit by Steven Stamkos and loses puck.
10:52 of 3rd period - Wrist shot by Gustav Nyquist.
10:52 of 3rd period - Stopped by Jonas Hiller with a rebound.
11:22 of 3rd period - Minor Penalty to Alexei Emelin for Goalie Interference.
11:23 of 3rd period - Milan Michalek wins face-off versus Steven Stamkos in RedWings zone.
12:06 of 3rd period - Jay Bouwmeester is hit by Johnny Boychuk and loses puck.
13:15 of 3rd period - Slapshot by Sidney Crosby.
13:15 of 3rd period - Shot Misses the Net.
13:17 of 3rd period - Slapshot by Brooks Orpik.
13:17 of 3rd period - Stopped by Jonas Hiller without a rebound.
13:18 of 3rd period - Sidney Crosby wins face-off versus Milan Michalek in RedWings zone.
13:22 of 3rd period - Penalty to Alexei Emelin is over, Alexei Emelin is back on ice.
13:49 of 3rd period - Snap shot by Bryan Bickell.
13:49 of 3rd period - Shot Misses the Net.
13:51 of 3rd period - Wrist shot by Bryan Bickell.
13:51 of 3rd period - Shot Misses the Net.
13:53 of 3rd period - Slapshot by Douglas Murray.
13:53 of 3rd period - Deflect By Zenon Konopka.
13:53 of 3rd period - Shot Misses the Net.
13:53 of 3rd period - Puck is out of play.
13:54 of 3rd period - Matt Stajan wins face-off versus Brandon Prust in Sabres zone.
14:01 of 3rd period - Snap shot by Matt Stajan.
14:01 of 3rd period - Stopped by Jonas Hiller with a rebound.
14:13 of 3rd period - Slapshot by Brandon Prust.
14:13 of 3rd period - Shot Misses the Net.
14:15 of 3rd period - Slapshot by Jason Demers.
14:15 of 3rd period - Stopped by Josh Harding without a rebound.
14:16 of 3rd period - Zenon Konopka wins face-off versus Will Acton in Sabres zone.
14:27 of 3rd period - Slapshot by Bryan Bickell.
14:27 of 3rd period - Stopped by Josh Harding with a rebound.
14:29 of 3rd period - Slapshot by Douglas Murray.
14:29 of 3rd period - Stopped by Josh Harding with a rebound.
14:31 of 3rd period - Slapshot by Douglas Murray.
14:31 of 3rd period - Deflect By Marc-Andre Cliche.
14:31 of 3rd period - Stopped by Josh Harding without a rebound.
14:32 of 3rd period - Zenon Konopka wins face-off versus Will Acton in Sabres zone.
14:43 of 3rd period - Slapshot by Bryan Bickell.
14:43 of 3rd period - Stopped by Josh Harding without a rebound.
14:44 of 3rd period - Sidney Crosby wins face-off versus Travis Moen in Sabres zone.
15:13 of 3rd period - Icing by Alex Pietrangelo.
15:14 of 3rd period - Justin Abdelkader wins face-off versus Sidney Crosby in Sabres zone.
16:15 of 3rd period - Alexei Emelin is hit by Chris Higgins.
17:09 of 3rd period - Slapshot by Travis Moen.
17:09 of 3rd period - Stopped by Josh Harding without a rebound.
17:10 of 3rd period - Will Acton wins face-off versus Chris VandeVelde in Sabres zone.
17:18 of 3rd period - Icing by Jason Demers.
17:19 of 3rd period - Chris VandeVelde wins face-off versus Will Acton in RedWings zone.
17:26 of 3rd period - Will Acton is hit by Eric Gryba and loses puck.
17:33 of 3rd period - Will Acton is hit by Chris VandeVelde and loses puck.
17:58 of 3rd period - Minor Penalty to Jason Demers for Hooking.
17:59 of 3rd period - Milan Michalek wins face-off versus Sidney Crosby in RedWings zone.
18:22 of 3rd period - Snap shot by Sidney Crosby.
18:22 of 3rd period - Goal by Sidney Crosby - Sabres : 3 - RedWings : 2.
18:23 of 3rd period - Steven Stamkos wins face-off versus Brandon Prust in neutral zone.
18:39 of 3rd period - Snap shot by Gustav Nyquist.
18:39 of 3rd period - Shot Misses the Net.
18:41 of 3rd period - Slapshot by Stephane Robidas.
18:41 of 3rd period - Deflect By Henrik Zetterberg.
18:41 of 3rd period - Shot Misses the Net.
18:41 of 3rd period - Puck is out of play.
18:42 of 3rd period - Steven Stamkos wins face-off versus Brandon Prust in RedWings zone.
18:43 of 3rd period - Wrist shot by Henrik Zetterberg.
18:43 of 3rd period - Stopped by Jonas Hiller with a rebound.
18:57 of 3rd period - Slapshot by Gustav Nyquist.
18:57 of 3rd period - Stopped by Jonas Hiller with a rebound.
18:59 of 3rd period - Snap shot by Stephane Robidas.
18:59 of 3rd period - Stopped by Jonas Hiller without a rebound.
19:00 of 3rd period - Dan Bylsma call a timeout for RedWings.
19:00 of 3rd period - Henrik Zetterberg wins face-off versus Justin Abdelkader in RedWings zone.
19:11 of 3rd period - Snap shot by Henrik Zetterberg.
19:11 of 3rd period - Shot Blocked by Johnny Boychuk.
19:13 of 3rd period - Snap shot by Brooks Orpik.
19:13 of 3rd period - Shot Misses the Net.
19:21 of 3rd period - Snap shot by Henrik Zetterberg.
19:21 of 3rd period - Shot Blocked by Alex Goligoski.
19:23 of 3rd period - Snap shot by Henrik Zetterberg.
19:23 of 3rd period - Goal by Henrik Zetterberg - Sabres : 4 - RedWings : 2.
19:24 of 3rd period - Sidney Crosby wins face-off versus Milan Michalek in neutral zone.
19:27 of 3rd period - David Moss is hit by Stephane Robidas.
19:30 of 3rd period - Alex Goligoski is hit by David Perron and loses puck.
Goals for this period are 2 for Sabres vs 0 for RedWings.
Shots for this period are 10 for Sabres vs 16 for RedWings.


Output by the SimonT Hockey Simulator (STHS) for Eric Dolegowski -- Original Page W3C XHTML 1.0 Valid
Hockey Simulator - Hockey Simulation - Hockey Manager